 Dungeon Crawl Stone Soup version 0.20.1-1-g8b1a95d (webtiles) character file.

35 Nattfarinn the Sneak (level 3, 0/21 HPs)
             Began as an Octopode Enchanter on Aug 2, 2017.
             Succumbed to an adder's poison
             ... on level 2 of the Dungeon.
             The game lasted 00:01:19 (813 turns).

Nattfarinn the Sneak (Octopode Enchanter)            Turns: 813, Time: 00:01:20

Health: 0/21       AC:  1    Str:  7    XL:     3   Next: 35%
Magic:  6/6        EV: 19    Int: 18    God:
Gold:   27         SH:  0    Dex: 17    Spells: 2/6 levels left

rFire    . . .     SeeInvis .   a - +1 dagger
rCold    . . .     Gourm    .   (no shield)
rNeg     . . .     Faith    .   (helmet restricted)
rPois    .         Spirit   .   (no amulet)
rElec    .         Reflect  .   (no ring)
rCorr    .         Harm     .   (no ring)
MR       .....                  (no ring)
Stlth    +++++.....             (no ring)
Regen    0.1/turn               (no ring)
MPRegen  0.1/turn               (no ring)
                                (no ring)
                                (no ring)

@: agile, lethally poisoned (0 -> -2)
A: almost no armour, stealthy swim, amphibious, 8 rings, constrict 8, camouflage
1, gelatinous body 1
a: no special abilities


You were on level 2 of the Dungeon.
You were not hungry.

You visited 1 branch of the dungeon, and saw 2 of its levels.

You collected 27 gold pieces.

Inventory:

Hand Weapons
 a - a +1 dagger (weapon)
Scrolls
 h - 2 scrolls of identify {unknown}
 k - a scroll of blinking {unknown}
 m - a scroll of noise {unknown}
 n - a scroll of enchant armour {unknown}
Potions
 e - a potion of haste {unknown}
 g - a potion of heal wounds {unknown}
 j - 2 potions of curing {unknown}
Books
 b - a book of Maledictions

   Spells                             Type                      Level
   a - Corona                         Hexes                        1
   b - Ensorcelled Hibernation        Hexes/Ice                    2
   c - Confuse                        Hexes                        3
   d - Tukima's Dance                 Hexes                        3
   e - Dazzling Spray                 Conjuration/Hexes            3
Comestibles
 c - 2 bread rations
 d - a fruit
 i - a meat ration
 l - a royal jelly


   Skills:
 + Level 1.0 Short Blades
 + Level 2.0 Dodging
 + Level 5.0 Stealth
 + Level 2.2 Spellcasting
 + Level 3.5 Hexes


You had 2 spell levels left.
You knew the following spells:

 Your Spells              Type           Power        Failure   Level  Hunger
a - Corona                Hex            ##.....      4%          1    #......
b - Confuse               Hex            ##......     13%         3    ###....


Dungeon Overview and Level Annotations

Branches:
Dungeon (2/15)

Altars:


Innate Abilities, Weirdness & Mutations

You cannot wear most types of armour.
You are very stealthy in the water. (Stealth+)
You are amphibious.
You can wear up to eight rings at the same time.
You can use your tentacles to constrict eight enemies at once.
Your skin changes colour to match your surroundings (Stealth+).
Your rubbery body absorbs attacks. (AC +1, EV +1)


Message History

You hit the quokka.
The quokka is moderately wounded.
You constrict the quokka. The quokka barely misses you.
You hit the quokka.
The quokka is severely wounded.
You constrict the quokka.
You feel sick. The quokka misses you. The worm closely misses you.
You barely miss the quokka. You squeeze the quokka.
You kill the quokka!
You hit the worm. You grab the worm.
The worm is lightly wounded.
You constrict the worm. The worm bites you!
* * * LOW HITPOINT WARNING * * *
You are too injured to fight recklessly!
You are too injured to fight recklessly!
You constrict the worm.
It was a potion of agility.
You feel agile all of a sudden.
You constrict the worm.
You die...

#.# #.## #.# ##..#
#..###...#
######.#...#..#
##......#...#..#
........#.#.#..###.##
#####.<#.#.#†......#
#...#.!.............#
#.%@#.###.###......#
#..w#..##...# ......#
#####.###...........#
... ....##......#
.#.#####.# ......#
..... .# #####.# .#
#.# .# .#


You could see a worm.

Vanquished Creatures
  2 adders (D:2)
  A dart slug (D:1)
  A leopard gecko (D:2)
  2 goblins
  3 hobgoblins (D:1)
  A quokka (D:2)
  A frilled lizard (D:1)
  2 kobolds (D:1)
  3 rats (D:1)
16 creatures vanquished.

Notes
Turn   | Place    | Note
-------+----------+-------------------------------------------
     0 | D:1      | Nattfarinn the Octopode Enchanter began the quest for the Orb.
     0 | D:1      | Reached XP level 1. HP: 11/11 MP: 3/3
   245 | D:1      | Reached XP level 2. HP: 15/17 MP: 5/5
   756 | D:2      | Reached XP level 3. HP: 17/21 MP: 6/6
   761 | D:2      | Learned a level 3 spell: Confuse
   804 | D:2      | Reached skill level 5 in Stealth
   811 | D:2      | HP: 1/21 [worm (10)]
   813 | D:2      | Succumbed to an adder's poison

Skill      XL: |  1  2  3 |
---------------+----------+-----
Stealth        | 5 |  5.0
Short Blades   | |  1.0
Dodging        | |  2.0
Spellcasting   | |  2.2
Hexes          | |  3.5

Action                   || total
-------------------------++-------
Melee: Dagger            ||    38
       Constrict         ||     6
       Tentacles         ||     4
  Use: Potion            ||     1
 Stab: Sleeping          ||     5
Armor: Skin              ||     1
Dodge: Dodged            ||    18
